Map: 永恒帝国-天梯版

Players

Cyan - Winner!

  • Race: Protoss Protoss

TIME (Oliveira)

  • Race: Terran Terran

Event: DreamHack SC2 Masters 2020 Summer China

VOD

Have the link to the VOD?

Description

Time

  • Played on: July 1, 2020, 8:22 a.m.
  • Length: 17:44

All games in this series

Show
View Real Time Build Order
Export as new Build Order

Cyan Protoss - Winner!

Build Orders: 1 Gate Expand, Zealot Archon, Dark Templar Rush 

Get SALT Encoding   

  12  0:00  Probe  
  13  0:12  Probe  
  14  0:18  Pylon  
  14  0:24  Probe  
  15  0:32  Probe  
  15  0:38  Gateway  
  15  0:40  Probe  
  16  0:47  Assimilator  
  17  0:51  Probe  
  18  1:03  Probe  
  19  1:15  Probe  
  20  1:25  Cybernetics Core  
  20  1:35  Nexus  
  20  1:39  Probe  
  21  1:45  Pylon  
  21  1:51  Probe  
  21  1:53  Adept  
  22  1:54  Assimilator  
  22  2:04  Probe  
  22  2:06  Warp Gate  
  25  2:16  Probe  
  26  2:23  Adept  
  26  2:26  Twilight Council  
  26  2:27  Probe  
  28  2:35  Probe  
  30  2:45  Probe  
  30  2:46  Probe  
  30  2:50  Robotics Facility  
  32  2:54  Probe  
  32  2:57  Probe  
  34  3:04  Probe  
  34  3:06  Gateway  
  34  3:10  Probe  
  36  3:15  Probe  
  36  3:16  Dark Shrine  
  37  3:23  Probe  
  37  3:24  Shield Battery, Probe  
  38  3:34  Probe  
  38  3:36  Gateway  
  38  3:39  Warp Prism  
  39  3:47  Probe  
  42  3:48  Probe  
  42  3:51  Assimilator  
  42  3:55  Assimilator  
  43  3:59  Probe  
  43  4:00  Pylon  
  44  4:03  Probe  
  45  4:11  Pylon  
  45  4:15  Probe  
  45  4:16  Observer  
  46  4:17  Pylon  
  46  4:23  Probe  
  48  4:27  Probe  
  49  4:35  Probe  
  49  4:37  Dark Templar x3  
  56  4:39  Probe  
  56  4:44  Observer  
  58  4:47  Probe, Pylon  
  58  4:48  Forge  
  59  5:12  Probe x2  
  61  5:16  Dark Templar x2  
  61  5:17  Warp Prism  
  61  5:20  Protoss Ground Weapons Level 1  
  57  5:23  Charge  
  57  5:26  Nexus  
  57  5:28  Probe x2  
  57  5:30  Pylon  
  57  5:40  Probe  
  57  5:42  Gateway, Sentry x2  
  60  5:44  Gateway  
  60  5:46  Gateway, Pylon  
  60  5:49  Probe  
  63  5:54  Immortal  
  63  5:56  Probe  
  64  5:58  Dark Templar  
  64  6:00  Shield Battery  
  66  6:06  Probe  
  66  6:09  Probe  
  72  6:18  Photon Cannon  
  72  6:19  Photon Cannon  
  72  6:20  Probe  
  72  6:23  Dark Templar  
  75  6:25  Observer  
  75  6:27  Stalker, Observer  
  75  6:30  Archon  
  75  6:31  Probe  
  75  6:32  Probe  
  79  6:36  Dark Templar  
  79  6:38  Dark Templar  
  79  6:39  Probe  
  85  6:42  Archon  
  85  6:44  Pylon  
  85  6:46  Probe  
  86  6:49  Probe  
  87  6:54  Immortal  
  91  7:01  Gateway, Probe  
  91  7:03  Gateway, Probe x2  
  91  7:05  Protoss Ground Weapons Level 2  
  94  7:11  Zealot x3  
  94  7:15  Blink  
  100  7:16  Probe  
  100  7:19  Assimilator  
  100  7:22  Assimilator, Robotics Bay  
  101  7:23  Gateway  
  101  7:26  Probe  
  101  7:28  Probe  
  101  7:29  Sentry  
  105  7:30  Zealot  
  107  7:41  Immortal  
  111  7:46  Zealot  
  111  7:47  Zealot x2  
  117  7:52  Pylon  
  117  7:54  Pylon x2  
  117  8:10  Observer  
  117  8:14  Shield Battery  
  117  8:16  Photon Cannon  
  117  8:17  Pylon  
  117  8:18  Photon Cannon, Nexus  
  117  8:20  Photon Cannon, Gravitic Boosters  
  117  8:21  Shield Battery  
  117  8:23  Pylon  
  117  8:29  Shadow Stride  
  117  8:31  Observer  
  117  8:33  Stalker x2  
  121  8:40  Stalker  
  124  8:42  Stalker  
  124  8:45  Disruptor  
  126  8:50  Pylon  
  126  8:53  Stalker  
  131  8:59  Stalker  
  131  9:00  Stalker x2  
  135  9:05  Probe x3  
  138  9:15  Pylon  
  139  9:17  Stalker, Gravitic Drive, Probe  
  139  9:20  Disruptor  
  144  9:29  Stalker x2  
  144  9:30  Protoss Ground Weapons Level 3  
  148  9:38  Zealot  
  150  9:42  Probe x3  
  150  9:44  Forge  
  153  9:47  Disruptor  
  153  9:48  Photon Cannon  
  153  9:49  Photon Cannon  
  153  9:52  Shield Battery  
  156  10:06  Dark Templar x4  
  157  10:22  Disruptor  
  149  10:31  Dark Templar x2, Zealot x3  
  142  10:46  Zealot x2  
  142  10:47  Zealot x2  
  140  10:54  Stalker x3  
  146  10:58  Disruptor  
  137  11:05  Dark Templar x2  
  137  11:07  Dark Templar  
  137  11:11  Nexus  
  141  11:13  Pylon  
  141  11:17  Dark Templar  
  125  11:18  Zealot  
  125  11:19  Zealot x4  
  129  11:34  Disruptor  
  129  11:45  Zealot x6  
  126  11:49  Stalker x2  
  120  11:55  Stalker  
  104  12:22  Templar Archives  
  102  12:23  Nexus  
  102  12:25  Dark Templar  
  102  12:29  Dark Templar  
  106  12:35  Archon  
  106  12:36  Dark Templar  
  108  12:45  Dark Templar  
  108  12:46  Assimilator  
  108  12:49  Observer  
  108  12:50  Assimilator  
  106  12:53  Archon  
  106  12:54  Stalker x2  
  111  12:58  Pylon  
  111  13:03  Photon Cannon  
  111  13:08  Dark Templar  
  113  13:13  Stalker x2  
  113  13:15  Probe  
  113  13:16  Probe  
  119  13:20  Probe  
  119  13:26  Observer  
  114  13:36  Stalker x4  
  115  13:46  Stalker  
  115  13:49  Probe  
  115  13:50  Observer, Probe  
  115  13:53  Photon Cannon  
  115  13:55  Probe  
  115  14:08  Stalker x3  
  121  14:11  Probe x2  
  121  14:14  Probe  
  124  14:20  Probe  
  119  14:27  Zealot  
  119  14:34  Immortal  
  117  14:41  Protoss Ground Armor Level 1  
  117  14:57  Zealot  
  117  14:58  Zealot x7  
  131  15:03  Dark Shrine  
  131  15:12  Warp Prism  
  129  15:21  Stalker x5  
  134  15:33  Assimilator  
  132  15:41  Stalker x3  
  131  15:50  Stalker x3  
  129  16:20  Stalker x2  
  133  16:29  Stalker x4  
  133  16:30  Stalker  
  113  16:48  Observer  
  113  16:49  Disruptor  
  113  16:50  Dark Templar x3  
  113  16:51  Dark Templar  
  95  17:22  Stalker x2  
  95  17:23  Stalker x4  
Show
View Real Time Build Order
Export as new Build Order

TIME Terran 

Build Orders: Reaper Expand, Mech 

Get SALT Encoding   

  12  0:00  SCV  
  13  0:12  SCV  
  14  0:17  Supply Depot  
  14  0:25  SCV  
  15  0:39  SCV  
  15  0:40  Barracks  
  16  0:43  Refinery  
  16  0:51  SCV  
  17  1:03  SCV  
  18  1:15  SCV  
  19  1:27  Orbital Command, Reaper  
  20  1:43  Command Center  
  20  1:51  Supply Depot  
  20  1:53  SCV  
  21  1:59  Marine  
  22  2:05  SCV  
  23  2:10  Factory  
  23  2:15  Refinery  
  23  2:17  Marine  
  23  2:19  SCV  
  25  2:31  SCV  
  25  2:34  Bunker  
  25  2:36  Barracks Reactor  
  26  2:44  SCV  
  27  2:53  Starport  
  27  2:54  Widow Mine  
  27  2:56  SCV  
  30  3:02  Orbital Command  
  30  3:08  Orbital Command, SCV  
  31  3:13  Marine x2  
  31  3:16  Factory Tech Lab  
  33  3:20  SCV  
  34  3:32  SCV  
  34  3:33  SCV  
  36  3:40  Marine x2  
  41  3:41  Factory Tech Lab  
  41  3:44  Supply Depot, SCV  
  41  3:46  SCV  
  43  3:56  SCV  
  43  3:58  SCV  
  43  4:00  Raven  
  44  4:06  Siege Tank  
  44  4:07  Command Center  
  44  4:09  SCV  
  47  4:10  Supply Depot  
  47  4:11  Marine  
  47  4:12  SCV  
  47  4:14  Marine  
  50  4:18  Refinery  
  50  4:22  SCV  
  51  4:24  SCV  
  51  4:27  Refinery  
  51  4:29  Marine  
  53  4:32  Marine  
  53  4:33  Supply Depot  
  53  4:35  SCV  
  53  4:36  SCV  
  56  4:42  Siege Tank  
  59  4:47  Banshee  
  62  4:55  SCV  
  62  4:57  Supply Depot  
  62  4:58  SCV  
  64  5:00  Marine x2  
  63  5:09  SCV  
  59  5:21  Marine  
  59  5:26  Marine, SCV  
  59  5:29  Siege Tank  
  59  5:30  Supply Depot, Orbital Command  
  59  5:31  SCV  
  59  5:32  Cloaking Field  
  63  5:37  Banshee  
  63  5:40  SCV  
  67  5:43  SCV  
  67  5:44  Marine x2  
  70  5:52  SCV  
  70  5:53  Orbital Command  
  70  5:55  SCV  
  72  6:01  Siege Tank  
  75  6:04  SCV  
  75  6:07  Factory, SCV  
  75  6:08  Factory  
  77  6:13  Barracks Tech Lab  
  77  6:16  SCV  
  78  6:19  SCV x2  
  78  6:21  Banshee  
  83  6:28  Supply Depot, SCV  
  83  6:31  SCV x2  
  86  6:34  Supply Depot  
  86  6:35  Siege Tank  
  89  6:40  Supply Depot, SCV  
  89  6:42  Refinery  
  89  6:43  SCV x2  
  89  6:45  Refinery  
  92  6:52  Hellion x2, SCV  
  92  6:53  Hyperflight Rotors  
  97  6:55  SCV x2  
  97  6:57  Supply Depot  
  97  6:58  Siege Tank  
  102  7:04  SCV  
  102  7:05  Banshee  
  102  7:07  SCV  
  102  7:08  SCV  
  108  7:10  Siege Tank  
  107  7:17  SCV  
  107  7:19  SCV  
  107  7:21  Engineering Bay  
  109  7:24  Factory  
  109  7:25  SCV  
  109  7:26  Factory  
  109  7:27  Hellion  
  114  7:30  Hellion  
  114  7:31  SCV x2  
  114  7:35  Siege Tank  
  119  7:39  SCV  
  123  7:44  Siege Tank  
  123  7:45  SCV  
  123  7:48  Supply Depot  
  123  7:50  Banshee  
  127  7:51  Supply Depot  
  127  7:52  SCV  
  127  7:55  Hellion  
  127  7:56  Hellion  
  132  8:01  SCV  
  132  8:04  SCV  
  133  8:07  Armory  
  133  8:08  Armory  
  133  8:12  Supply Depot  
  133  8:13  Siege Tank, SCV  
  133  8:14  Missile Turret  
  133  8:15  Missile Turret  
  133  8:16  Missile Turret  
  133  8:18  Factory Reactor  
  133  8:19  Factory Tech Lab  
  137  8:20  Missile Turret  
  137  8:26  Siege Tank, Hellion  
  142  8:27  Hellion  
  144  8:35  Banshee  
  144  8:39  Command Center  
  150  8:49  Supply Depot, Hellion  
  150  8:53  Hellion  
  150  8:55  Infernal Pre-Igniter  
  154  8:56  Siege Tank, Mag-Field Accelerator  
  154  8:58  Sensor Tower  
  157  9:06  Terran Vehicle Weapons Level 1  
  157  9:08  Hellion  
  157  9:09  Supply Depot  
  156  9:10  Siege Tank, Hellion  
  156  9:11  Supply Depot  
  156  9:12  Terran Vehicle And Ship Armor Level 1  
  156  9:14  Siege Tank  
  164  9:24  Supply Depot  
  164  9:26  Supply Depot  
  164  9:28  Missile Turret  
  164  9:30  Supply Depot  
  164  9:31  Banshee, Hellion x3  
  173  9:33  Hellion  
  173  9:38  Hellion  
  177  9:40  SCV  
  177  9:42  Siege Tank  
  181  9:46  Siege Tank  
  181  9:49  Supply Depot  
  188  9:53  Hellion x3  
  188  9:55  SCV x2  
  188  9:56  SCV  
  191  10:07  SCV  
  191  10:14  Siege Tank x2  
  192  10:22  Siege Tank  
  192  10:23  Hellion x2  
  193  10:28  Hellion  
  193  10:33  SCV  
  193  10:34  SCV  
  167  10:44  Hellion  
  167  10:46  Siege Tank  
  167  10:47  Banshee  
  169  10:50  Hellion  
  169  10:51  SCV  
  169  10:54  Cyclone, SCV  
  169  10:55  Planetary Fortress, Missile Turret  
  166  11:00  Missile Turret  
  166  11:03  SCV  
  144  11:08  Hellion  
  140  11:14  Factory  
  140  11:15  Factory  
  126  11:19  Hellion  
  126  11:21  Supply Depot  
  121  11:30  Banshee, SCV  
  121  11:31  Cyclone  
  118  11:37  Hellion  
  118  11:38  Hellion  
  90  11:50  SCV  
  75  12:00  Hellion x2  
  79  12:02  SCV  
  82  12:08  Hellion  
  82  12:09  Hellion  
  82  12:14  SCV  
  85  12:17  Starport Tech Lab  
  85  12:18  Factory Reactor  
  85  12:19  Factory Tech Lab  
  85  12:22  Factory Tech Lab x2  
  85  12:29  SCV  
  89  12:30  SCV, Hellion  
  89  12:32  Terran Vehicle Weapons Level 2  
  89  12:38  Command Center  
  89  12:40  Command Center  
  89  12:42  SCV  
  90  12:44  Cyclone  
  90  12:50  Cyclone  
  94  12:57  Cyclone  
  97  13:00  SCV  
  97  13:03  Hellion  
  100  13:07  SCV  
  100  13:12  Widow Mine x2  
  105  13:16  SCV  
  106  13:22  Engineering Bay  
  106  13:25  SCV  
  106  13:33  Cyclone  
  109  13:48  Widow Mine  
  109  13:51  Refinery x2, Supply Depot  
  109  13:52  Widow Mine  
  108  14:06  Orbital Command, Hellion x2  
  108  14:08  SCV  
  113  14:10  Refinery  
  113  14:13  Orbital Command  
  110  14:17  Missile Turret  
  110  14:25  Cyclone, Hellion  
  110  14:26  SCV  
  112  14:32  Cyclone  
  115  14:39  Cyclone  
  115  14:40  Hellion  
  115  14:42  SCV  
  115  14:43  SCV  
  111  14:47  Hellion  
  113  14:56  Hellion  
  113  14:57  SCV  
  113  15:01  SCV  
  113  15:02  SCV  
  113  15:03  Cyclone  
  116  15:08  Cyclone  
  116  15:12  Widow Mine  
  117  15:18  SCV  
  119  15:21  Hellion x2  
  119  15:22  SCV x3  
  119  15:32  Siege Tank  
  119  15:33  Hellion  
  119  15:34  Drilling Claws  
  121  15:40  SCV  
  121  15:41  SCV  
  121  15:42  SCV  
  122  15:54  Siege Tank  
  122  15:55  Hellion x2  
  122  16:00  Siege Tank, SCV  
  122  16:02  Hellion  
  115  16:08  Banshee  
  116  16:18  SCV  
  116  16:20  SCV  
  116  16:22  Siege Tank  
  116  16:23  Hellion  
  119  16:29  Siege Tank  
  119  16:30  Hellion  
  124  16:32  Siege Tank  
  93  16:47  Hellion  
  93  16:50  SCV  
  93  16:54  Siege Tank  
  99  17:01  Siege Tank  
  94  17:05  Siege Tank, Hellion  
  94  17:07  Hellion, SCV  
  85  17:12  Hellion  
  80  17:16  SCV  
  63  17:23  SCV  
Tags
 
Add a new tag
Caveats
  • Supply blocks, unpowered buildings, or Contaminate may cause inaccurate times.
  • Supply counts are checked every 10 seconds.